 Dungeon Crawl Stone Soup version 0.18-a0-1300-g6e8322c (webtiles) character file.

1421 dvd the Magician (level 8, -21/43 HPs)
             Began as a Deep Elf Fire Elementalist on Feb 11, 2016.
             Demolished by Duvessa
             ... wielding a +3 rapier of speed
              (23 damage)
             ... on level 6 of the Dungeon.
             The game lasted 00:20:36 (6364 turns).

dvd the Magician (Deep Elf Fire Elementalist)       Turns: 6364, Time: 00:20:37

Health: -21/43     AC:  4    Str:  5    XL:     8   Next: 44%
Magic:  5/21       EV: 15    Int: 23    God:
Gold:   265        SH:  0    Dex: 15    Spells: 4 memorised, 10 levels left

rFire  . . .     SeeInvis .     a - +5 short sword
rCold  . . .     Gourm    .     F - +1 robe {MR+}
rNeg   . . .     Faith    .     (no shield)
rPois  .         Spirit   .     (no helmet)
rElec  .         Dismiss  .     (no cloak)
rCorr  .         Reflect  .     m - +0 pair of gloves
SustAt +         Harm     .     (no boots)
MR     +....                    (no amulet)
Stlth  +++.......               s - ring of sustain attributes
                                h - +1 ring of evasion

@: very slightly contaminated, hasted, very quick, somewhat resistant to hostile
enchantments, fairly stealthy
A: no striking features
a: no special abilities


You were on level 6 of the Dungeon.
You were not hungry.

You visited 1 branch of the dungeon, and saw 6 of its levels.

You collected 265 gold pieces.

Inventory:

Hand Weapons
 a - a +5 short sword (weapon)
 w - a +1 whip of venom
 D - a +0 dagger of venom
Armour
 m - a +0 pair of gloves (worn)
 u - a +0 robe
 C - the +0 leather armour of Hedging {Dex+5}
   (You found it on level 5 of the Dungeon)

   It affects your dexterity (+5).
 F - a +1 robe of magic resistance (worn)
Jewellery
 h - a +1 ring of evasion (left hand)
 q - an uncursed ring of ice
 s - a ring of sustain attributes (right hand)
 t - an uncursed ring of magical power {unknown}
Scrolls
 e - 3 scrolls of teleportation
 g - a scroll of fog
 i - a scroll of enchant weapon
 k - 3 scrolls of remove curse
 p - 8 scrolls of identify
Potions
 d - a potion of invisibility {unknown}
 f - a potion of might {unknown}
 j - 3 potions of haste
 l - 3 potions of brilliance {unknown}
 o - 2 potions of flight {unknown}
 x - 2 potions of curing {unknown}
 z - 2 potions of mutation {unknown}
 A - a potion of beneficial mutation
 B - a potion of ambrosia {unknown}
Books
 b - a book of Flames

   Spells                             Type                      Level
   a - Flame Tongue                   Conjuration/Fire             1
   b - Throw Flame                    Conjuration/Fire             2
   c - Conjure Flame                  Conjuration/Fire             3
   d - Inner Flame                    Hexes/Fire                   3
   e - Sticky Flame                   Conjuration/Fire             4
   f - Fireball                       Conjuration/Fire             5
Comestibles
 c - 4 bread rations


   Skills:
 + Level 1.4 Fighting
 + Level 0.6 Short Blades
 + Level 0.4 Armour
 + Level 4.6 Dodging
 + Level 4.5 Stealth
 + Level 7.7 Spellcasting
 + Level 5.1 Conjurations
 + Level 6.9 Fire Magic


You had 10 spell levels left.
You knew the following spells:

 Your Spells              Type           Power        Failure   Level  Hunger
a - Flame Tongue          Conj/Fire      #####        1%          1    None
b - Throw Flame           Conj/Fire      #####.       1%          2    None
c - Sticky Flame          Conj/Fire      #####...     10%         4    ###....
d - Fireball              Conj/Fire      #####.....   21%         5    #####..


Dungeon Overview and Level Annotations

Branches:
Dungeon (6/15)
 Temple: D:4-7

Altars:

Annotations:
D:4 yogakurto's ghost, amateur TrHu
D:6 Duvessa


Message History

Duvessa is moderately wounded.
Duvessa is covered in liquid flames!
Duvessa burns!
Duvessa hits you with a rapier of speed.
Duvessa hits you with a rapier of speed!
Casting: Sticky Flame
Confirm with . or Enter, or press ? or * to list all spells.
Aiming: Throw Flame
Press: ? - help, Shift-Dir - straight line, f/p - Duvessa
Aim: Duvessa, wielding a rapier of speed (heavily wounded, berserk, fast, unusually strong, covered in liquid flames)
The puff of flame hits Duvessa.
Duvessa is severely wounded.
Duvessa burns!
Duvessa stops burning.
Duvessa misses you.
Duvessa hits you with a rapier of speed!
* * * LOW HITPOINT WARNING * * *
Drink which item? (? for menu, Esc to quit)
It was a potion of haste.
You feel yourself speed up. Duvessa misses you.
You are very lightly contaminated with residual magic.
Duvessa hits you with a rapier of speed!!
Ouch! That really hurt!
You die...

## #.# ##
#.########
...
#.....<.#
#.#
##.######
..# ##.# #.#
##@##
.#.#.)###e##
......†#...#
#..##......
#..# #####.
#..# #...
.... ......


You could see Duvessa (berserk).

Vanquished Creatures
  Grinder (D:4)
  A water moccasin (D:5)
  A phantom (D:4)
  3 ogres
  2 centaurs (D:5)
  Blork the orc (D:5)
  2 scorpions
  Dowan (D:6)
  A giant frog zombie (D:5)
  An orc priest (D:5)
  3 hounds
  4 worker ants
  5 adders
  A shadow imp (D:5)
  An adder skeleton (D:4)
  6 worms
  3 giant geckos
  10 orcs
  A ball python (D:4)
  3 giant cockroaches
  11 hobgoblins
  2 jackals (D:2)
  14 kobolds
  3 quokkas
  A ball python skeleton (D:5)
  5 bats
  2 giant newts
  7 goblins
  4 rats
  A bush (D:1)
  A plant (D:1)
102 creatures vanquished.

Vanquished Creatures (others)
  A plant (D:1)
1 creature vanquished.

Grand Total: 103 creatures vanquished

Notes
Turn   | Place    | Note
--------------------------------------------------------------
     0 | D:1      | dvd the Deep Elf Fire Elementalist began the quest for the Orb.
     0 | D:1      | Reached XP level 1. HP: 10/10 MP: 6/6
   183 | D:1      | Reached XP level 2. HP: 15/15 MP: 5/8
   187 | D:1      | Learned a level 2 spell: Throw Flame
  1232 | D:1      | Reached XP level 3. HP: 19/19 MP: 4/9
  1465 | D:2      | Reached skill level 4 in Fire Magic
  1989 | D:2      | Reached XP level 4. HP: 24/24 MP: 2/12
  3301 | D:4      | Noticed an ogre
  3309 | D:4      | Learned a level 4 spell: Sticky Flame
  3327 | D:4      | Killed an ogre
  3327 | D:4      | Reached XP level 5. HP: 28/28 MP: 1/14
  3408 | D:4      | Noticed Grinder
  3428 | D:4      | Paralysed by Grinder for 2 turns
  3434 | D:4      | Killed Grinder
  3434 | D:4      | Reached skill level 5 in Spellcasting
  3434 | D:4      | Reached skill level 5 in Fire Magic
  3434 | D:4      | Reached XP level 6. HP: 29/33 MP: 9/16
  3636 | D:4      | Reached skill level 6 in Spellcasting
  3636 | D:4      | Reached XP level 7. HP: 16/37 MP: 6/18
  3710 | D:4      | Noticed yogakurto's ghost (amateur TrHu)
  4097 | D:4      | Reached skill level 1 in Fighting
  4677 | D:5      | Entered Level 5 of the Dungeon
  4790 | D:5      | Learned a level 5 spell: Fireball
  5051 | D:5      | Got a translucent leather armour
  5062 | D:5      | Identified the cursed +0 leather armour of Hedging {Dex+5} (You found it on level 5 of the Dungeon)
  5074 | D:5      | Reached skill level 7 in Spellcasting
  5074 | D:5      | Reached XP level 8. HP: 26/43 MP: 15/20
  5508 | D:5      | Noticed Blork the orc
  5513 | D:5      | Killed Blork the orc
  6350 | D:6      | Noticed Duvessa
  6350 | D:6      | Noticed Dowan
  6352 | D:6      | Reached skill level 5 in Conjurations
  6355 | D:6      | Killed Dowan
  6361 | D:6      | HP: 2/43 [Duvessa/rapier of speed (12)]
  6364 | D:6      | Demolished by Duvessa

Vault maps used:
D:1:      noname_arrival_rooms_in_the_neighbourhood, grunt_decor_one_mirror,
          minmay_misc_feat_room, glass_columns_a, lexackson_kobold_supper
D:2:      patterned_corridor
D:4:      first_bread, uniq_grinder
D:5:      lemuel_ice_spiral_2, uniq_blork_the_orc
D:6:      grunt_temple_overflow_open, lemuel_temple_firewalk, uniq_duvessa

Action                   |  1- 3 |  4- 6 |  7- 9 || total
-------------------------+-------+-------+-------++-------
Melee: Unarmed           |     1 |       |       ||     1
       Short sword       |   428 |     7 |    21 ||   456
 Cast: Flame Tongue      |    56 |    37 |    32 ||   125
       Throw Flame       |    17 |    17 |    40 ||    74
       Sticky Flame      |       |     6 |    22 ||    28
  Use: Scroll            |       |       |     8 ||     8
       Potion            |       |       |     1 ||     1
 Stab: Sleeping          |     2 |     1 |     1 ||     4
  Eat: Bread ration      |     1 |       |     1 ||     2
       Chunk             |       |     4 |     4 ||     8
       Pizza             |       |     1 |       ||     1
       Meat ration       |       |       |     1 ||     1
       Beef jerky        |       |       |     1 ||     1
